[Event "Team 45 45 League T46"]
[Site "Internet Chess Club"]
[Date "2010.08.21"]
[Round "3"]
[White "oldprez"]
[Black "Berke"]
[Result "1/2-1/2"]
[WhiteElo "1306"]
[BlackElo "1470"]
[Opening "Scotch gambit: Dubois-Réti defense"]
[ECO "C55"]
[Time "10:00:37"]
[TimeControl "2700+45"]

1. e4 e5 2. Nf3 Nc6 3. Bc4 Nf6 4. d4 exd4 5. Nxd4 Ne5 6. Bb3 Bc5 7. O-O d6 8.
Nc3 Bg4 9. Nde2 Qd7 10. Bf4 O-O 11. Bxe5 dxe5 12. Qxd7 Bxd7 13. h3 Bd4 14. Rad1
Bb6 15. Nd5 Nxd5 16. Rxd5 Be6 17. Rxe5 Bxb3 18. axb3 Rfe8 19. Rxe8+ Rxe8 20. Nc3
f6 21. g4 Kf7 22. Kg2 Bd4 23. f3 c6 24. Rd1 Be5 25. Rd7+ Re7 26. Rxe7+ Kxe7 27.
h4 h6 28. Kf2 g5 29. hxg5 hxg5 30. Ke3 Ke6 31. Kd3 b5 32. b4 Bd6 33. Na2 Ke5 34.
Ke3 Bc7 35. c3 Bb6+ 36. Ke2 a5 37. Nc1 axb4 38. Nd3+ Ke6 39. Nxb4 c5 40. Nd3 c4
41. Nb4 Bc5 42. Nd5 Ke5 43. Nc7 b4 44. Na6 bxc3 45. bxc3 Bb6 46. Nb4 Kd6 47. Nd5
Bd8 48. Ke3 Ke5 49. f4+ gxf4+ 50. Nxf4 Ba5 51. Nd5 Bd8 52. Kf3 Ba5 53. Ne3 Bxc3
54. Nxc4+ Ke6 55. Kf4 Ba1 56. g5 fxg5+ 57. Kxg5 Bf6+ 58. Kg4 Ba1 59. Kf4 Bd4 60.
Nd2 Bg7 61. Nf3 Bh6+ 62. Kg4 Bg7 63. Ng5+ Ke5 64. Kf3 Bf6 65. Nf7+ Ke6 66. Nd8+
Bxd8 67. Kg4 Ke5 68. Kf3 Bg5 {Game drawn by mutual agreement} 1/2-1/2

[Event "Team 45 45 League T46"]
[Site "Internet Chess Club"]
[Date "2010.08.23"]
[Round "3"]
[White "dscvdchk"]
[Black "radiohead"]
[Result "1-0"]
[WhiteElo "1484"]
[BlackElo "1330"]
[Opening "QGD semi-Slav: Meran, 8...a6"]
[ECO "D48"]
[Time "21:00:31"]
[TimeControl "2700+45"]

1. d4 d5 2. Nf3 Nf6 3. c4 c6 4. Nc3 e6 5. e3 Nbd7 6. Bd3 dxc4 7. Bxc4 b5 8. Bd3
a6 9. e4 Bb7 10. O-O c5 11. d5 exd5 12. exd5 Be7 13. d6 Bxd6 14. Re1+ Be7 15.
Qe2 h6 16. Nh4 Nb6 17. Nf5 Nbd5 18. Nxd5 Nxd5 19. Bc2 Bc8 20. Nxg7+ Kf8 21. Nf5
Bxf5 22. Bxf5 Qc7 23. Qe5 Qxe5 24. Rxe5 Nf6 25. Bc2 Re8 26. Bd2 Bd6 27. Rxe8+
Nxe8 28. Re1 Be7 29. b3 Bg5 30. f4 Bf6 31. Kf2 Bd4+ 32. Kf3 Nf6 33. Be3 Bxe3 34.
Rxe3 Rg8 35. h3 Nh5 36. g4 Nf6 37. Re5 Kg7 38. Rxc5 Re8 39. Re5 Rxe5 40. fxe5
Nd7 41. Ke4 Kf8 42. Kd5 Ke7 43. Bf5 b4 44. h4 a5 45. g5 h5 46. Bd3 Nb6+ 47. Kc6
Nd7 48. Kd5 Nb6+ 49. Kc6 Nd7 50. Be2 Nxe5+ 51. Kb5 Ng6 52. Bxh5 Nxh4 53. Kxa5
Nf5 54. Kxb4 Nd4 55. a4 Ne6 56. g6 fxg6 57. Bxg6 Nc7 58. Be4 Kd6 59. Bb7 Ne6 60.
Kc4 Nc5 61. Bf3 Nd7 62. b4 Ne5+ 63. Kb5 Nxf3 64. a5 Nd4+ 65. Kb6 Nc6 66. b5 Nb8
67. Kb7 Kc5 68. b6 Nd7 69. Kc7 Ne5 70. a6 Nd7 71. b7 Kb5 72. Kxd7 {Black
resigns} 1-0

[Event "Team 45 45 League T46"]
[Site "Internet Chess Club"]
[Date "2010.08.23"]
[Round "3"]
[White "lw"]
[Black "SugarIslander"]
[Result "1/2-1/2"]
[WhiteElo "1560"]
[BlackElo "1696"]
[Opening "Caro-Kann defense"]
[ECO "B15"]
[Time "19:59:47"]
[TimeControl "2700+45"]

1. e4 c6 2. d4 d5 3. Nc3 dxe4 4. Bc4 Nf6 5. f3 exf3 6. Nxf3 e6 7. Bg5 Nbd7 8.
O-O Be7 9. Qd2 Nb6 10. Bd3 Nbd5 11. Nxd5 cxd5 12. Bb5+ Bd7 13. Bxd7+ Nxd7 14.
Rae1 O-O 15. Bxe7 Qxe7 16. h4 h6 17. g4 Nf6 18. g5 Ne4 19. Qf4 h5 20. Ne5 g6 21.
Rf3 Rac8 22. Ref1 Rc7 23. Nxg6 Qb4 24. Qxc7 Qxd4+ 25. Kh1 Nd2 26. Ne7+ Kh8 27.
Rf4 Qe3 28. Ng6+ Kg8 29. Rxf7 Qh3+ 30. Kg1 Qg4+ 31. Kh2 Nxf1+ 32. Rxf1 Qe2+ 33.
Kg3 Qg4+ {Game drawn by mutual agreement} 1/2-1/2

[Event "Team 45 45 League T46"]
[Site "Internet Chess Club"]
[Date "2010.08.22"]
[Round "3"]
[White "oldsj"]
[Black "Whalen"]
[Result "1/2-1/2"]
[WhiteElo "1647"]
[BlackElo "1565"]
[Opening "French: exchange variation"]
[ECO "C01"]
[Time "12:00:05"]
[TimeControl "2700+45"]

1. e4 e6 2. d4 d5 3. exd5 exd5 4. c4 Nf6 5. Nc3 Bb4 6. Nf3 O-O 7. Be2 Ne4 8. Bd2
Nxd2 9. Qxd2 c6 10. O-O Bg4 11. a3 Bxc3 12. Qxc3 Nd7 13. h3 Re8 14. Rfe1 Bh5 15.
cxd5 cxd5 16. Bb5 Bxf3 17. Qxf3 a6 18. Bd3 Nf6 19. Rac1 Qb6 20. Red1 Ne4 21.
Bxe4 Rxe4 22. Qf5 Qe6 23. Qxe6 fxe6 24. Rc7 b5 25. Kf1 b4 26. Rd3 bxa3 27. bxa3
Rb8 28. g4 Rb1+ 29. Kg2 Rb2 30. Rf3 h6 31. Rff7 Ree2 32. Rxg7+ Kh8 33. Rgf7 Kg8
34. Rg7+ Kh8 35. Rh7+ Kg8 36. Rcg7+ Kf8 37. Rf7+ Kg8 38. Rfg7+ {Game drawn by
mutual agreement} 1/2-1/2

[Event "Team 45 45 League T46"]
[Site "Internet Chess Club"]
[Date "2010.08.23"]
[Round "3"]
[White "stputte"]
[Black "Mark-SF"]
[Result "0-1"]
[WhiteElo "1434"]
[BlackElo "1718"]
[Opening "KGA: Kieseritsky, Berlin defense, 6.Bc4"]
[ECO "C39"]
[Time "14:00:25"]
[TimeControl "2700+45"]

1. e4 e5 2. f4 exf4 3. Nf3 g5 4. h4 g4 5. Ne5 Nf6 6. Bc4 d5 7. exd5 Bd6 8. d4
Nh5 9. O-O O-O 10. Bxf4 Qxh4 11. Nd2 g3 12. Ndf3 Qxf4 13. Qd2 Bxe5 14. dxe5 Qxc4
15. Qg5+ Ng7 16. Qh6 Qxc2 17. Rac1 Qg6 18. Qxg6 hxg6 19. Rxc7 Na6 20. Rc4 Bd7
{White resigns} 0-1

[Event "Team 45 45 League T46"]
[Site "Internet Chess Club"]
[Date "2010.08.21"]
[Round "3"]
[White "Geeloo"]
[Black "bobhill"]
[Result "0-1"]
[WhiteElo "2104"]
[BlackElo "2024"]
[Opening "Sicilian: dragon, Yugoslav attack, 12.h4"]
[ECO "B79"]
[Time "09:04:42"]
[TimeControl "2700+45"]

1. e4 c5 2. Nf3 d6 3. d4 cxd4 4. Nxd4 Nf6 5. Nc3 g6 6. Be3 Bg7 7. f3 Nc6 8. Qd2
O-O 9. Bc4 Bd7 10. O-O-O Qa5 11. Bb3 Rfc8 12. h4 Ne5 13. Kb1 Nc4 14. Bxc4 Rxc4
15. Nb3 Qc7 16. g4 Be6 17. h5 a5 18. hxg6 fxg6 19. Nd4 Bf7 20. Ndb5 Qc6 21. a4
Rb4 22. Bd4 Qc4 23. b3 h6 24. Ka1 Qc6 25. Na2 Rxb5 26. axb5 Qxb5 27. Nc3 Qc6 28.
Na4 b5 29. Nb2 a4 30. bxa4 bxa4 31. Nd3 Nxe4 32. Nb4 Nxd2 33. Nxc6 Bxd4+ 34.
Nxd4 Nc4 35. Rxh6 e5 36. Rdh1 Kg7 37. g5 Bg8 38. Rh8 exd4 39. R1h7+ Bxh7 40.
Rxa8 a3 41. Ra7+ Kh8 42. Rf7 Bg8 43. Rf4 Ne3 44. Kb1 a2+ 45. Kb2 Nxc2 46. Rh4+
Kg7 {White resigns} 0-1

[Event "Team 45 45 League T46"]
[Site "Internet Chess Club"]
[Date "2010.08.21"]
[Round "3"]
[White "Beddathanme"]
[Black "perikitosax"]
[Result "0-1"]
[WhiteElo "1786"]
[BlackElo "2068"]
[Opening "Sicilian: Scheveningen, Keres attack"]
[ECO "B81"]
[Time "10:08:45"]
[TimeControl "2700+45"]

1. e4 c5 2. Nf3 e6 3. d4 cxd4 4. Nxd4 Nf6 5. Nc3 d6 6. g4 h6 7. Bg2 Qb6 8. h3 a6
9. Nb3 Nc6 10. Be3 Qc7 11. Qe2 b5 12. O-O-O Bb7 13. f4 Be7 14. e5 dxe5 15. fxe5
Nd7 16. Bf4 O-O 17. h4 Nb4 18. Bxb7 Qxb7 19. g5 h5 20. Qxh5 Nxc2 21. Rxd7 Qxd7
22. Kxc2 b4 23. Ne4 Rac8+ 24. Kb1 Qd3+ 25. Ka1 Qxe4 26. Rf1 Rfd8 27. Nd2 Qg2 28.
Be3 g6 29. Qd1 Rd3 30. Rf2 Qc6 {White resigns} 0-1

[Event "Team 45 45 League T46"]
[Site "Internet Chess Club"]
[Date "2010.08.21"]
[Round "3"]
[White "spunni"]
[Black "Beetlejuice"]
[Result "0-1"]
[WhiteElo "1858"]
[BlackElo "1799"]
[Opening "Sicilian defense"]
[ECO "B40"]
[Time "10:00:53"]
[TimeControl "2700+45"]

1. e4 c5 2. Nf3 e6 3. d3 Nc6 4. g3 b5 5. Bg2 Bb7 6. O-O Nf6 7. e5 Nd5 8. c4 bxc4
9. dxc4 Nb6 10. b3 f6 11. Bb2 f5 12. Nc3 a6 13. Qd2 Be7 14. Rad1 g5 15. Qe2 g4
16. Ne1 Qc7 17. f4 gxf3 18. Nxf3 O-O-O 19. Qe3 Rdg8 20. Qh6 Qd8 21. Ne2 Nb4 22.
a3 Nc6 23. Nf4 Qf8 24. Qxf8+ Bxf8 25. Rd2 Kc7 26. Rfd1 Na5 27. Rd3 Be4 28. Re3
Bc2 29. Rd2 Bxb3 30. Rc3 Nbxc4 31. Rf2 Nxb2 32. Rxb2 c4 33. Nd4 Bxa3 34. Rbxb3
Bc5 35. Ne2 Nxb3 36. Rxc4 Kb6 {White resigns} 0-1

[Event "Team 45 45 League T46"]
[Site "Internet Chess Club"]
[Date "2010.08.21"]
[Round "3"]
[White "room-matt"]
[Black "tsia68"]
[Result "0-1"]
[WhiteElo "1664"]
[BlackElo "1851"]
[Opening "French: Steinitz, Boleslavsky variation"]
[ECO "C11"]
[Time "02:04:58"]
[TimeControl "2700+45"]

1. d4 Nf6 2. Nc3 e6 3. e4 d5 4. e5 Nfd7 5. f4 c5 6. Nf3 Nc6 7. Be3 cxd4 8. Nxd4
Bc5 9. Be2 O-O 10. Nxc6 bxc6 11. Bxc5 Nxc5 12. Qd4 Qb6 13. b3 Ba6 14. O-O Bxe2
15. Nxe2 Ne4 16. Rad1 c5 17. Qe3 f6 18. exf6 Rxf6 19. g4 Raf8 20. c4 Qc6 21.
cxd5 exd5 22. Qf3 Qe6 23. f5 Qe5 24. h4 g6 25. Qf4 Qb2 26. Ng3 Nxg3 27. Qxg3
gxf5 28. gxf5+ Kh8 29. Kh1 Rg8 30. Qf2 Qxf2 31. Rxf2 d4 32. Rf4 Rgf8 33. Rdf1 a5
34. Kg2 Kg7 35. Rg4+ Kf7 36. Rf3 Re8 37. Kh3 Re5 38. Rgf4 Ke7 39. h5 Kd6 40. Kg4
h6 41. Rf2 Kd5 42. R2f3 Re2 43. Rf2 Re5 44. R2f3 c4 45. bxc4+ Kxc4 46. Rf2 Kd3
47. R4f3+ Re3 48. Kf4 Rxf3+ 49. Rxf3+ Ke2 50. Rg3 d3 51. Rg2+ Ke1 52. Ke3 Kf1
53. Rf2+ Ke1 54. a3 d2 55. Rxd2 Rxf5 56. Re2+ Kf1 57. Rh2 Kg1 58. Rh3 Kg2 59.
Ke4 Rg5 60. Rb3 Rxh5 61. Kf4 Rh4+ 62. Kf5 Kf2 63. Kg6 Ke2 64. Rb5 a4 65. Ra5 Kd3
66. Re5 Kc3 67. Re3+ Kb2 68. Rd3 Kc2 69. Rf3 Kb2 70. Kf5 Rc4 71. Rh3 Rc3 72.
Rxh6 Kxa3 73. Ke4 Kb2 74. Kd4 a3 75. Rb6+ Rb3 76. Re6 a2 {White resigns} 0-1

[Event "Team 45 45 League T46"]
[Site "Internet Chess Club"]
[Date "2010.08.21"]
[Round "3"]
[White "Stryker672"]
[Black "Ptzz"]
[Result "1-0"]
[WhiteElo "1968"]
[BlackElo "2090"]
[Opening "Sicilian: Alapin's variation (2.c3)"]
[ECO "B22"]
[Time "14:05:41"]
[TimeControl "2700+45"]

1. e4 c5 2. c3 g6 3. Nf3 Bg7 4. Bc4 e6 5. O-O Ne7 6. d4 cxd4 7. cxd4 d5 8. exd5
Nxd5 9. Nc3 Nb6 10. Bb3 O-O 11. Ne5 Bd7 12. Nxd7 Qxd7 13. Be3 Rd8 14. Qf3 Qc6
15. Qf4 Qd6 16. Qf3 Qc6 17. Qf4 a6 18. Rac1 Qd6 19. Qxd6 Rxd6 20. d5 Bxc3 21.
dxe6 fxe6 22. Bxb6 Rxb6 23. Rxc3 Nc6 24. Rd1 Na5 25. Rd7 Nxb3 26. axb3 a5 27.
Rcc7 Rxb3 28. Rg7+ Kf8 29. Rxh7 Kg8 30. Rxb7 Rb8 31. Rbg7+ Kf8 32. Rxg6 Rxb2 33.
g3 Re2 34. Ra7 Rb5 35. Rf6+ Kg8 36. h4 e5 37. Rc6 Rb1+ 38. Kg2 Rb8 39. Rg6+ Kh8
40. Rxa5 Rf8 41. Kh3 Rfxf2 42. Ra7 e4 43. Re6 Kg8 44. Rae7 Rf7 45. Kg4 Re1 46.
Re8+ Kg7 47. Rxe4 {Black resigns} 1-0

[Event "Team 45 45 League T46"]
[Site "Internet Chess Club"]
[Date "2010.08.21"]
[Round "3"]
[White "Zumbi"]
[Black "screamingeagle"]
[Result "0-1"]
[WhiteElo "1957"]
[BlackElo "2023"]
[Opening "French: Tarrasch"]
[ECO "C03"]
[Time "22:48:23"]
[TimeControl "2700+45"]

1. e4 e6 2. d4 d5 3. Nd2 Be7 4. e5 Nh6 5. Bd3 c5 6. c3 O-O 7. Ne2 f6 8. exf6
Bxf6 9. Nf3 Nc6 10. Bxh6 gxh6 11. Qd2 cxd4 12. Qxh6 Qe7 13. cxd4 Rf7 14. O-O Rg7
15. Rad1 b6 16. Ng3 Nxd4 17. Nxd4 Bxd4 18. Nh5 Rf7 19. Bxh7+ Rxh7 20. Qg6+ Bg7
21. Rd4 Qf7 22. Qxf7+ Kxf7 23. Rf4+ Ke7 24. Nxg7 Rxg7 25. Rc1 Kd6 26. h4 Ba6 27.
g4 Rh8 28. g5 Rgh7 29. Ra4 Bb5 30. Rb4 Bd7 31. Rc3 Rxh4 32. Rxh4 Rxh4 33. Rg3
Rh8 34. g6 Rg8 35. b4 Rg7 36. f4 Be8 {White resigns} 0-1

[Event "Team 45 45 League T46"]
[Site "Internet Chess Club"]
[Date "2010.08.22"]
[Round "3"]
[White "giltar"]
[Black "Guoruey"]
[Result "0-1"]
[WhiteElo "1888"]
[BlackElo "1944"]
[Opening "King's Indian: East Indian defense"]
[ECO "A48"]
[Time "10:20:51"]
[TimeControl "2700+45"]

1. d4 Nf6 2. Nf3 g6 3. Nc3 Bg7 4. e4 O-O 5. e5 Ne8 6. h4 d6 7. Bf4 Bg4 8. Be2 c6
9. exd6 Nxd6 10. Be5 Nf5 11. Bxg7 Kxg7 12. d5 Qb6 13. Qd2 cxd5 14. Nxd5 Qxb2 15.
O-O Rd8 16. Rfb1 Qa3 17. Qf4 Rxd5 18. Qxg4 Nc6 19. Rxb7 Qc3 20. Rc1 Rad8 21. Bc4
Rd4 22. Nxd4 Rxd4 23. Be2 Rxg4 24. Bxg4 Ncd4 25. Bxf5 Ne2+ 26. Kf1 Nxc1 27. Be4
Qc4+ 28. Bd3 Nxd3 29. cxd3 Qxd3+ 30. Kg1 a5 31. Rxe7 Qb1+ 32. Kh2 Qxa2 33. Kg3
Qb3+ 34. Re3 a4 {White resigns} 0-1

[Event "Team 45 45 League T46"]
[Site "Internet Chess Club"]
[Date "2010.08.20"]
[Round "3"]
[White "pishd"]
[Black "Holzschlange"]
[Result "1/2-1/2"]
[WhiteElo "1737"]
[BlackElo "1871"]
[Opening "Queen's pawn game"]
[ECO "A46"]
[Time "11:13:41"]
[TimeControl "2700+45"]

1. d4 Nf6 2. Nf3 e6 3. Bf4 c5 4. c3 cxd4 5. cxd4 b5 6. e3 a6 7. Be2 Bb7 8. O-O
Be7 9. Nbd2 O-O 10. Rc1 d6 11. a4 Qb6 12. h3 Nbd7 13. axb5 axb5 14. Qb3 Bc6 15.
Ra1 h6 16. Bh2 Rfb8 17. Rfc1 Bf8 18. Ne1 e5 19. dxe5 dxe5 20. Bf3 Bxf3 21. Ndxf3
Bd6 22. Nc2 Nc5 23. Qc3 Nfe4 24. Qb4 Nxf2 25. Qh4 Nfd3 26. Rxa8 Rxa8 27. Rb1 Ra2
28. Qh5 f6 29. Qe8+ Kh7 30. Nh4 Qb8 31. Qg6+ Kh8 32. g4 Rxb2 33. Rxb2 Nxb2 34.
g5 hxg5 35. Nf5 Bf8 36. Ncd4 Qd8 37. Qh5+ Kg8 38. Nxb5 Qd7 39. Qg6 Qd1+ 40. Kg2
Qe2+ 41. Kg1 Qe1+ 42. Kg2 Qe2+ 43. Kg1 Qd1+ 44. Kg2 Qd5+ 45. Kg1 Qd1+ {Game
drawn by repetition} 1/2-1/2

[Event "Team 45 45 League T46"]
[Site "Internet Chess Club"]
[Date "2010.08.20"]
[Round "3"]
[White "mickeys"]
[Black "Karan99"]
[Result "0-1"]
[WhiteElo "1907"]
[BlackElo "1716"]
[Opening "QGD semi-Slav: Meran, 8...a6"]
[ECO "D48"]
[Time "19:00:19"]
[TimeControl "2700+45"]

1. d4 d5 2. Nf3 Nf6 3. c4 c6 4. e3 e6 5. Nc3 Nbd7 6. Bd3 dxc4 7. Bxc4 b5 8. Bd3
a6 9. O-O Bb7 10. e4 Be7 11. e5 Nd5 12. Nxd5 exd5 13. Qc2 Rc8 14. Bxh7 g6 15.
Bxg6 fxg6 16. Qxg6+ Kf8 17. e6 Qe8 18. Qf5+ Nf6 19. Ne5 Qh5 20. Qxh5 Rxh5 21. f4
Kg7 22. f5 c5 23. g4 Rh4 24. Rf4 cxd4 25. Ng6 Rxg4+ 26. Rxg4 Nxg4 27. Nxe7 Re8
28. Bg5 Nf6 29. Ng6 Ne4 30. Bf4 Kf6 31. Nh4 Rh8 32. Bg3 Rg8 33. Kg2 d3 34. Rf1
d4 35. Kg1 Nxg3 36. hxg3 Rxg3+ 37. Kf2 Rh3 38. Ng6 Rf3+ 39. Kg1 Rxf1+ 40. Kxf1
Kxf5 41. e7 Bc6 42. Nh4+ Kg5 43. e8=Q Bxe8 44. Nf3+ Kf4 45. Nxd4 Ke3 46. Nf5+
Kd2 47. Nd4 Kc1 48. b4 Bf7 49. Nf3 d2 {White resigns} 0-1

[Event "Team 45 45 League T46"]
[Site "Internet Chess Club"]
[Date "2010.08.20"]
[Round "3"]
[White "KoalieAwe"]
[Black "cknights"]
[Result "1-0"]
[WhiteElo "1556"]
[BlackElo "1742"]
[Opening "QGD Slav: Slav gambit"]
[ECO "D15"]
[Time "12:44:48"]
[TimeControl "2700+45"]

1. d4 d5 2. c4 c6 3. Nf3 Nf6 4. Nc3 dxc4 5. e4 b5 6. a3 e6 7. Bg5 Be7 8. e5 Nd5
9. Bxe7 Qxe7 10. Ne4 O-O 11. a4 Qb4+ 12. Qd2 Qxd2+ 13. Kxd2 a5 14. b3 cxb3 15.
axb5 cxb5 16. Bxb5 Bd7 17. Bc4 b2 18. Ra2 Nb6 19. Bd3 Na4 20. Bc2 Nb6 21. Nd6
Nc6 22. Rxb2 Nb4 23. Ra1 N6d5 24. Ba4 Bxa4 25. Rxa4 Rfd8 26. Rb1 Nb6 27. Ra3
N4d5 28. Rc1 a4 29. Ne1 f6 30. Nd3 fxe5 31. dxe5 Ne7 32. Ke2 Nf5 33. Nxf5 exf5
34. f4 Nd5 35. Rc4 Rdb8 36. Kd2 Nb6 37. Rb4 Kf7 38. Nc5 Rd8+ 39. Ke2 Nd5 40.
Rb7+ Kg8 41. Ne6 Rdc8 42. Rxg7+ Kh8 43. Rd7 Nc3+ 44. Kf3 Nb5 45. Ra1 a3 46. g4
fxg4+ 47. Kxg4 a2 48. f5 Rc4+ 49. Kg5 Rb4 50. Rxa2 Rg8+ 51. Kf6 Rbg4 52. Rd8
Rxd8 53. Nxd8 h6 54. Nf7+ Kh7 55. Ra8 Rg8 56. Rxg8 Kxg8 57. Nxh6+ Kf8 58. h4 Nc7
59. e6 Ke8 60. Nf7 Nd5+ 61. Kg7 Ke7 62. h5 Nf6 63. h6 Ne8+ 64. Kg6 Nf6 65. h7
Nxh7 66. Kxh7 Kf8 67. Kg6 Ke8 68. Nd6+ Kf8 69. Kf6 Kg8 70. e7 Kh7 71. e8=Q Kh6
72. Qg6# {Black checkmated} 1-0

[Event "Team 45 45 League T46"]
[Site "Internet Chess Club"]
[Date "2010.08.21"]
[Round "3"]
[White "pishd"]
[Black "dagger132"]
[Result "1-0"]
[WhiteElo "1739"]
[BlackElo "1218"]
[Opening "Old Benoni defense"]
[ECO "A43"]
[Time "12:30:28"]
[TimeControl "2700+45"]

1. d4 c5 2. d5 d6 3. Nc3 Bf5 4. e4 Bd7 5. Nf3 g6 6. Be2 Bg7 7. Bd2 Nf6 8. O-O
O-O 9. Qc1 Ng4 10. h3 Ne5 11. Bh6 Nxf3+ 12. Bxf3 Qb6 13. Bxg7 Kxg7 14. Rb1 Qc7
15. Be2 a6 16. a4 Qa5 17. Ra1 Qb4 18. Ra3 e6 19. Rb3 Qd4 20. Rd1 Qe5 21. f4 Qf6
22. Rxb7 e5 23. Rf1 Qh4 24. Kh2 Bc8 25. Rb3 Nd7 26. g3 Qe7 27. Nd1 Nf6 28. Nf2
Qd7 29. fxe5 dxe5 30. Bf3 Qxa4 31. Ra3 Qb5 32. Rb3 Qa5 33. Qe1 Qc7 34. Qc3 Bd7
35. Qe3 Bb5 36. Rd1 Ba4 37. Rc3 Rac8 38. Bg4 Nxg4+ 39. Nxg4 Kh8 40. d6 Qc6 41.
Nxe5 Qb5 42. b3 {Black resigns} 1-0

[Event "Team 45 45 League T46"]
[Site "Internet Chess Club"]
[Date "2010.08.20"]
[Round "3"]
[White "AnandPM"]
[Black "CameronD"]
[Result "0-1"]
[WhiteElo "940"]
[BlackElo "1704"]
[Opening "Caro-Kann: advance variation"]
[ECO "B12"]
[Time "22:00:29"]
[TimeControl "2700+45"]

1. e4 c6 2. d4 d5 3. e5 c5 4. f4 Nc6 5. Bb5 e6 6. Qd3 Ne7 7. g4 Bd7 8. c3 c4 9.
Qc2 Nxe5 10. Bxd7+ Nxd7 11. Be3 Nf6 12. Qa4+ Nc6 13. g5 Ne4 14. Nd2 Nxd2 15.
Bxd2 h6 16. gxh6 Qh4+ 17. Ke2 Rxh6 18. f5 Qe4+ 19. Kd1 Qxh1 20. Kc2 Qe4+ 21. Kc1
Rxh2 22. Qd1 Rh1 23. b3 Ba3# {White checkmated} 0-1

[Event "Team 45 45 League T46"]
[Site "Internet Chess Club"]
[Date "2010.08.20"]
[Round "3"]
[White "TerryMalloy"]
[Black "LucaTrapani"]
[Result "1-0"]
[WhiteElo "2040"]
[BlackElo "1992"]
[Opening "Queen's pawn"]
[ECO "A40"]
[Time "16:10:11"]
[TimeControl "2700+45"]

1. d4 e6 2. g3 d5 3. Bg2 c6 4. Nf3 Bd6 5. O-O f5 6. b3 Qe7 7. a4 Nf6 8. Ba3 a5
9. Ne5 Bxa3 10. Nxa3 O-O 11. c4 Na6 12. Nc2 Bd7 13. Qd2 c5 14. Rac1 Bc6 15. dxc5
Qxc5 16. cxd5 Qd6 17. Nc4 Qc7 18. dxc6 bxc6 {Black resigns} 1-0

[Event "Team 45 45 League T46"]
[Site "Internet Chess Club"]
[Date "2010.08.22"]
[Round "3"]
[White "Harmonicus"]
[Black "Chess2Play"]
[Result "1-0"]
[WhiteElo "1899"]
[BlackElo "1679"]
[Opening "Sicilian: closed, 6.Be3"]
[ECO "B26"]
[Time "09:04:19"]
[TimeControl "2700+45"]

1. e4 c5 2. Nc3 Nc6 3. g3 g6 4. Bg2 Bg7 5. d3 d6 6. Be3 Nf6 7. h3 Qb6 8. Nge2
Nd4 9. Rb1 Nxe2 10. Qxe2 Qa5 11. O-O O-O 12. Qd2 Rd8 13. a3 Rb8 14. Bh6 Bh8 15.
Nd5 Qxd2 16. Nxe7# {Black checkmated} 1-0

[Event "Team 45 45 League T46"]
[Site "Internet Chess Club"]
[Date "2010.08.24"]
[Round "3"]
[White "RandyPCC"]
[Black "ghostfire"]
[Result "1-0"]
[WhiteElo "1799"]
[BlackElo "1675"]
[Opening "QGD Slav defense"]
[ECO "D10"]
[Time "20:59:17"]
[TimeControl "2700+45"]

1. d4 d5 2. c4 c6 3. Nc3 dxc4 4. a4 Nf6 5. e4 Qa5 6. Bd2 Qb6 7. Bc1 e5 8. Nf3
exd4 9. Nxd4 Bc5 10. a5 Qd8 11. Be3 Bb4 12. Bxc4 Nxe4 13. Bxf7+ Kxf7 14. Qb3+
Qd5 15. Qxb4 Nxc3 16. Qxc3 Qxg2 17. O-O-O Na6 18. Ne2 Qe4 19. Rhg1 Rg8 20. Rd4
Qe7 21. Rf4+ Ke8 22. Qd3 g6 23. Re4 Be6 24. Rd1 Nc5 25. Bxc5 Qxc5+ 26. Kb1 Kf7
27. Rxe6 Kxe6 28. Nd4+ Kd7 29. Nb3+ Qd5 30. Qh3+ Kc7 31. Rxd5 cxd5 32. Qxh7+ Kc6
33. Qe7 Kb5 34. Qc5+ Ka6 35. Nd4 b6 36. axb6 axb6 37. Qb5+ Kb7 38. Qxd5+ Ka6 39.
Nc2 Rad8 40. Nb4+ Ka7 41. Nc6+ {Black resigns} 1-0

[Event "Team 45 45 League T46"]
[Site "Internet Chess Club"]
[Date "2010.08.22"]
[Round "3"]
[White "qs16"]
[Black "Nakke"]
[Result "0-1"]
[WhiteElo "1697"]
[BlackElo "1822"]
[Opening "Sicilian"]
[ECO "B50"]
[Time "14:00:14"]
[TimeControl "2700+45"]

1. e4 c5 2. Nf3 d6 3. Bc4 Nf6 4. d3 Nc6 5. Nc3 e6 6. O-O Be7 7. a3 O-O 8. Be3 d5
9. exd5 exd5 10. Ba2 d4 11. Bd2 dxc3 12. Bxc3 Nd5 13. Bd2 Bg4 14. h3 Bh5 15. g4
Bg6 16. Re1 Bf6 17. c3 Bxd3 18. Be3 Nxe3 19. Rxe3 c4 20. Bb1 Bxb1 21. Qxb1 Re8
22. Qe1 Rxe3 23. Qxe3 Qd3 24. Qf4 Rd8 25. Kg2 Qd5 26. Kf1 Ne5 27. Nd4 {White
resigns} 0-1

[Event "Team 45 45 League T46"]
[Site "Internet Chess Club"]
[Date "2010.08.21"]
[Round "3"]
[White "Whalen"]
[Black "Rapidcitychess"]
[Result "1-0"]
[WhiteElo "1561"]
[BlackElo "1519"]
[Opening "Dutch with c4 & Nc3"]
[ECO "A87"]
[Time "10:00:19"]
[TimeControl "2700+45"]

1. d4 f5 2. c4 Nf6 3. Nc3 g6 4. Nf3 Bg7 5. g3 O-O 6. Bg2 d6 7. O-O Nbd7 8. Ng5
Nb8 9. e4 h6 10. e5 hxg5 11. exf6 Bxf6 12. Nd5 e6 13. Nxf6+ Qxf6 14. Qb3 c6 15.
Bd2 Nd7 16. Bc3 Qe7 17. Rfe1 Nf6 18. d5 Bd7 19. Qxb7 Rfb8 20. Bxf6 Qxf6 21. Qxd7
{Black resigns} 1-0

[Event "Team 45 45 League T46"]
[Site "Internet Chess Club"]
[Date "2010.08.21"]
[Round "3"]
[White "XxATNxX"]
[Black "stputte"]
[Result "0-1"]
[WhiteElo "1317"]
[BlackElo "1439"]
[Opening "Dutch"]
[ECO "A80"]
[Time "13:00:07"]
[TimeControl "2700+45"]

1. d4 f5 2. e3 Nf6 3. Bd3 g6 4. Nf3 Bg7 5. Ng5 h6 6. Nh3 O-O 7. Nf4 Qe8 8. Nc3
c6 9. b4 d6 10. b5 e5 11. dxe5 dxe5 12. Bc4+ Kh8 13. Nfe2 Be6 14. Bxe6 Qxe6 15.
bxc6 Nxc6 16. O-O Rad8 17. Qe1 Nb4 18. Ba3 Nxc2 19. Qc1 Nxa1 20. Bxf8 Rxf8 21.
Qxa1 Rd8 22. Nb5 a6 23. Nc7 Qd6 24. Rc1 Rc8 25. Nc3 Rxc7 26. Ne4 Rxc1+ 27. Qxc1
fxe4 28. Qc8+ Kh7 29. g3 Qd1+ 30. Kg2 Ng4 31. Qxb7 Qf3+ 32. Kh3 Nxf2+ 33. Kh4
Qg4# {White checkmated} 0-1

[Event "Team 45 45 League T46"]
[Site "Internet Chess Club"]
[Date "2010.08.24"]
[Round "3"]
[White "MeansToAnEnd"]
[Black "Aquaman"]
[Result "1-0"]
[WhiteElo "1237"]
[BlackElo "1287"]
[Opening "Queen's pawn game"]
[ECO "A46"]
[Time "20:00:08"]
[TimeControl "2700+45"]

1. d4 Nf6 2. Nf3 d6 3. c4 Nbd7 4. Nc3 c6 5. Bf4 Qc7 6. e3 e5 7. Bg3 Be7 8. Be2
O-O 9. O-O Re8 10. dxe5 dxe5 11. a3 Bd6 12. b4 a6 13. c5 Bf8 14. Nd2 Qd8 15.
Nde4 Be7 16. Nd6 Rf8 17. f3 b6 18. Nxc8 Rxc8 19. Bxa6 Rb8 20. cxb6 Qxb6 21. Bd3
Qxe3+ 22. Bf2 Qh6 23. Qc1 Qxc1 24. Raxc1 Ne8 25. Ne4 Rc8 26. Bb5 Nb8 27. Ba4 Nf6
28. Nxf6+ Bxf6 29. Bc5 Rfe8 30. Bd6 Nd7 31. Bxc6 Red8 32. Bxd7 Rxc1 33. Rxc1
Rxd7 34. Bc5 g6 35. h3 h5 36. a4 Bg5 37. Ra1 f5 38. g3 e4 39. f4 Bf6 40. Ra2 Rd3
41. Kg2 g5 42. fxg5 Bxg5 43. a5 e3 44. Kf3 Rb3 45. Ke2 f4 46. gxf4 Bxf4 47. a6
Rc3 48. a7 Rc1 49. a8=Q+ Kh7 50. Ra7+ Kg6 51. Qc6+ Kf5 52. Rf7+ Ke5 53. Qf6+ Kd5
54. Qf5+ Kc4 55. Qd3# {Black checkmated} 1-0

[Event "Team 45 45 League T46"]
[Site "Internet Chess Club"]
[Date "2010.08.24"]
[Round "3"]
[White "theartist"]
[Black "PsyMar"]
[Result "1-0"]
[WhiteElo "1209"]
[BlackElo "1186"]
[Opening "King's Indian: Averbakh, 6...c5"]
[ECO "E74"]
[Time "12:30:22"]
[TimeControl "2700+45"]

1. d4 Nf6 2. c4 g6 3. Nc3 Bg7 4. e4 d6 5. Be2 O-O 6. Bg5 c5 7. d5 Nbd7 8. Nf3 h6
9. Bh4 g5 10. Bg3 Re8 11. Qc2 e5 12. dxe6 Rxe6 13. Rd1 Ne8 14. O-O Ne5 15. Nxe5
Bxe5 16. Bxe5 Rxe5 17. Rd5 Nf6 18. Rxe5 dxe5 19. Rd1 Qc7 20. h3 Ne8 21. Nd5 Qd6
22. Ne3 Qg6 23. Nf5 Bxf5 24. exf5 Qa6 25. b3 Nd6 26. Rd5 Qa5 27. Rxd6 Qe1+ 28.
Kh2 Qxf2 29. Bd3 Qf4+ 30. g3 Qe3 31. Qe2 Qxe2+ 32. Bxe2 Kg7 33. Rd5 Kf6 34. Bd3
Rc8 35. Rd7 Rb8 {Black resigns} 1-0